AoeStats
← xTc

Black Forest

511003297Analyzed
4v4 RM · 6h ago on Oct 3, 2026· 62m 3s· 8 players
Game mode
Random Map
Map size
Large (8 player)
Population
200
Speed
Normal
Resources
Standard
Victory
Conquest
Starting age
Dark Age
Ending age
Imperial Age
RankedLock teamsTeams togetherTeam positionsShared explorationLock speedFull tech treeHidden civsTurbo modeCheats
Victory
Defeat
🇨🇳 Spanish · China
906
+13
🇨🇳 Japanese · China
891
+13
🇦🇺 Romans · Australia
815
+16
🇩🇪 Franks · Germany
754
+19
🇹🇷 Gurjaras · Türkiye
846
-16
🇸🇦 Mongols · Saudi Arabia
830
-15
🇵🇹 Persians · Portugal
811
-15
🇷🇴 Goths · Romania
808
-15
xTc
12:44 Feudal Age
17:22 Castle Age
15:46 Double-Bit Axe
15:45 Horse Collar
25:06 Bow Saw
24:59 Heavy Plow
25:35 Gold Mining
25:36 Stone Mining
34:13 Ballistics
34:33 Elite Skirmisher
39:14 Imperial Age
40:59 Chemistry
40:19 Onager
44:16 Caravan
44:47 Coinage
44:26 Capped Ram
45:35 Padded Archer Armor
45:25 Fletching
45:45 Forging
phonzY
0:35 Loom
13:51 Feudal Age
14:36 Double-Bit Axe
15:14 Horse Collar
18:15 Stone Mining
18:16 Gold Mining
18:23 Gold Mining
19:33 Arson
19:08 Man-at-Arms
27:48 Castle Age
29:19 Wheelbarrow
28:29 Town Watch
28:55 Heavy Plow
30:42 Stone Shaft Mining
30:43 Gold Shaft Mining
32:12 Scale Barding Armor
32:18 Forging
35:03 Devotion
36:44 Iron Casting
41:44 Caravan
42:15 Coinage
42:33 Chain Barding Armor
44:56 Hand Cart
44:42 Town Patrol
KNoS
MeMaT!
13:59 Feudal Age
18:32 Castle Age
17:02 Horse Collar
17:10 Double-Bit Axe
17:20 Gold Mining
17:41 Stone Mining
24:26 Wheelbarrow
24:07 Heavy Plow
24:26 Bow Saw
25:06 Arson
26:25 Hand Cart
26:32 Husbandry
26:47 Scale Barding Armor
29:39 Gold Shaft Mining
29:40 Stone Shaft Mining
30:15 Forging
30:28 Chain Barding Armor
30:37 Caravan
35:19 Imperial Age
33:27 Coinage
33:40 Iron Casting
33:20 Kshatriyas
33:43 Bloodlines
32:54 Light Cavalry
35:13 Scale Mail Armor
38:07 Chemistry
37:48 Plate Barding Armor
36:39 Elite Shrivamsha Rider
36:41 Heavy Camel Rider
38:17 Banking
39:49 Elite Chakram Thrower
Julesfreeman
10:25 Feudal Age
11:30 Double-Bit Axe
18:45 Castle Age
21:26 Stone Mining
21:30 Gold Mining
22:35 Bow Saw
28:57 Wheelbarrow
28:08 Town Watch
28:09 Loom
31:29 Caravan
31:40 Scale Barding Armor
32:24 Husbandry
35:28 Gold Shaft Mining
39:06 Imperial Age
36:59 Hand Cart
36:47 Town Patrol
40:53 Ballistics
41:34 Chemistry
40:00 Cavalier
41:06 Chain Barding Armor
40:57 Forging
41:53 Chivalry
41:16 Elite Throwing Axeman
42:35 Hoardings
42:23 Conscription
41:30 Paladin
43:09 Treadmill Crane
43:42 Masonry
46:45 Plate Barding Armor
46:46 Iron Casting
chuanlaoda
12:02 Feudal Age
14:58 Double-Bit Axe
18:04 Castle Age
18:58 Bow Saw
22:58 Wheelbarrow
25:01 Treadmill Crane
26:05 Hand Cart
26:39 Loom
27:06 Pikeman
27:49 Fletching
28:31 Guard Tower
29:02 Scale Mail Armor
29:12 Horse Collar
30:04 Yasama
30:24 Squires
30:09 Gambesons
31:19 Ballistics
31:14 Forging
33:19 Murder Holes
33:34 Masonry
35:33 Gold Mining
38:44 Imperial Age
38:17 Bodkin Arrow
38:59 Iron Casting
38:39 Chain Mail Armor
38:57 Halberdier
41:47 Two-Man Saw
40:50 Heavy Plow
41:28 Bracer
41:28 Padded Archer Armor
42:46 Conscription
44:06 Hoardings
45:57 Blast Furnace
44:52 Capped Ram
48:08 Chemistry
47:43 Keep
49:05 Parthian Tactics
48:01 Heavy Cavalry Archer
48:47 Thumb Ring
49:05 Arrowslits
52:09 Gold Shaft Mining
51:48 Stone Mining
52:47 Leather Archer Armor
55:02 Caravan
59:16 Ring Archer Armor
60:41 Coinage
60:53 Kataparuto
TownsVanFran
0:31 Loom
13:08 Feudal Age
14:23 Double-Bit Axe
14:23 Horse Collar
19:17 Castle Age
18:42 Wheelbarrow
20:11 Bow Saw
20:04 Heavy Plow
21:21 Scale Mail Armor
20:43 Man-at-Arms
25:01 Caravan
27:22 Gold Mining
28:40 Long Swordsman
30:20 Fortified Wall
31:56 Stone Mining
32:59 Hand Cart
35:16 Imperial Age
33:14 Pikeman
33:56 Squires
34:33 Chain Mail Armor
34:29 Forging
36:49 Iron Casting
37:22 Conscription
37:46 Crop Rotation
37:54 Gold Shaft Mining
36:48 Capped Ram
38:03 Siege Ram
39:16 Legionary
39:17 Halberdier
41:00 Ballistics
42:26 Chemistry
43:01 Comitatenses
46:12 Heavy Scorpion
47:21 Bloodlines
47:12 Husbandry
46:35 Elite Centurion
49:02 Scale Barding Armor
49:58 Blast Furnace
50:15 Siege Engineers
55:39 Ballistas
S个帅哥
2:01 Loom
13:56 Feudal Age
21:35 Castle Age
19:49 Double-Bit Axe
22:53 Gold Mining
22:50 Horse Collar
23:24 Bow Saw
28:15 Heavy Plow
37:08 Imperial Age
35:14 Wheelbarrow
34:24 Town Watch
37:18 Husbandry
37:29 Bloodlines
38:32 Wheelbarrow
41:23 Hand Cart
41:09 Town Patrol
41:05 Fletching
41:15 Padded Archer Armor
41:15 Elite Conquistador
42:16 Conscription
42:30 Ballistics
43:11 Chemistry
42:22 Fortified Wall
42:22 Masonry
43:21 Bodkin Arrow
43:49 Leather Archer Armor
44:24 Bracer
45:52 Hoardings
47:14 Ring Archer Armor
47:15 Light Cavalry
52:32 Scale Barding Armor
52:38 Forging
52:32 Scale Mail Armor
52:55 Bombard Tower
52:46 Fortified Wall
52:32 Murder Holes
53:08 Architecture
52:30 Guard Tower
59:23 Keep
58:49 Arrowslits
Connection lost

Rejoining the realm…

Still unreachable

The connection could not be restored.

Session expired

The server has moved on; the page needs a fresh start.